 Dungeon Crawl Stone Soup version 0.26-a0-652-gafc20e3620 (webtiles) character file.

Game seed: 3594788848676224521

695 DoubleLucky the Caller (level 7, -2/36 HPs)
             Began as a Tengu Summoner on Oct 2, 2020.
             Slain by a killer bee (3 damage)
             ... on level 6 of the Dungeon.
             The game lasted 00:31:15 (8341 turns).

DoubleLucky the Caller (Tengu Summoner)             Turns: 8341, Time: 00:31:16

Health: -2/36      AC:  6    Str:  8    XL:     7   Next: 64%
Magic:  4/15       EV: 13    Int: 24    God:
Gold:   236        SH:  4    Dex: 14    Spells: 9/15 levels left

rFire    . . .     SeeInvis .   b - +0 spear
rCold    . . .     Faith    .   A - +1 buckler {rN+}
rNeg     + . .     Spirit   .   g - +0 leather armour
rPois    .         Reflect  .   (helmet restricted)
rElec    .         Harm     .   (no cloak)
rCorr    .         Rampage  .   o - +2 pair of gloves
MR       .....                  (boots unavailable)
Stlth    ++........             (no amulet)
HPRegen  0.12/turn              n - +6 ring of intelligence
MPRegen  0.14/turn              (no ring)

@: lethally poisoned (-2 -> -9), flying quickly and evasively, studying Fire
Magic, quick
A: beak, talons 3, able to fly
a: Stop Flying


You were on level 6 of the Dungeon.
You visited 1 branch of the dungeon, and saw 6 of its levels.
You also visited: Sewer.

You collected 236 gold pieces.

Inventory:

Hand Weapons
 b - a +0 spear (weapon)
 i - a +0 short sword of speed
Missiles
 e - 221 stones (quivered)
Armour
 a - a +0 robe
 f - a +0 ring mail
 g - a +0 leather armour (worn)
 o - a +2 pair of gloves (worn)
 A - a +1 buckler of positive energy (worn)
Magical Staves
 B - an uncursed staff of cold
Jewellery
 n - a +6 ring of intelligence (left hand)
Wands
 k - a wand of paralysis (7)
Scrolls
 h - 3 scrolls of amnesia
 j - a scroll of fog {unknown}
 p - 5 scrolls of remove curse
 r - 3 scrolls of teleportation
 t - a scroll of blinking {unknown}
 u - 2 scrolls of fear {unknown}
 y - 2 scrolls of identify
 D - a scroll of brand weapon {unknown}
Potions
 c - 3 potions of curing
 d - a potion of stabbing {unknown}
 l - a potion of degeneration {unknown}
 m - a potion of resistance {unknown}
 q - 3 potions of heal wounds
 s - 4 potions of might
 v - 2 potions of haste {unknown}
 w - 3 potions of flight {unknown}
 x - 2 potions of magic {unknown}
 z - a potion of cancellation {unknown}
Books
 C - a manual of Fire Magic


   Skills:
 + Level 4.6 Polearms
 - Level 2.1 Dodging
 - Level 2.0 Stealth
 + Level 4.7 Spellcasting
 + Level 7.5 Summonings


You had 9 spell levels left.
You knew the following spells:

 Your Spells              Type           Power        Failure   Level
a - Summon Small Mammal   Summ           ####         1%          1
b - Call Imp              Summ           #####...     1%          2
c - Call Canine Familiar  Summ           #####...     3%          3

Your spell library contained the following spells:

 Spells                   Type           Power        Failure   Level
 Summon Guardian Golem    Hex/Summ       ###.....     14%         3
 Summon Ice Beast         Ice/Summ       ###.....     43%         4
 Summon Lightning Spire   Summ/Air       ###.....     43%         4


Dungeon Overview and Level Annotations

Branches:
Dungeon (6/15)              Sewer (visited)
 Temple: D:4-7

Altars:

Shops:
D:4 }   D:5 (


Innate Abilities, Weirdness & Mutations

You have a beak for a mouth.
You have claws for feet.
You can fly continuously.


Message History

You are poisoned.
The killer bee poisons you!
You feel sick. You block the killer bee's attack. The killer bee stings you!
You are more poisoned.
The killer bee poisons you!
You feel sick.
You feel sick. The killer bee misses you.
You feel sick. You block the killer bee's attack.
You feel sick.
The killer bee stings you but does no damage.
* * * LOW HITPOINT WARNING * * *
You feel sick. The killer bee closely misses you. The killer bee stings you!
* * * LOW HITPOINT WARNING * * *
* * * LOW HITPOINT WARNING * * *
You feel sick. You block the killer bee's attack.
There is a stone staircase leading up here.
* * * LOW HITPOINT WARNING * * *
You feel sick. The killer bee barely misses you. The killer bee stings you.
You die...

.. .. #. #. # #.#. #
#..# ##.# #..# ...
#.#.# #@###.# #.#.#
##yy.# #.#.# ##y##
#.#.# #y# .#####.#.#
#.# ...[.#.#†# #y#
.......#†#########y#
.###.......5.yyy...#
.......5r###########


You could see 4 killer bees.

Vanquished Creatures
  A big kobold (Sewer)
  A killer bee (D:6)
  2 worker ants (D:5)
  2 adders (Sewer)
  A river rat (Sewer)
  An ooze (Sewer)
  A dart slug (D:3)
  2 orcs (D:5)
  4 bats
  3 giant cockroaches
  2 hobgoblins
  4 jackals
  4 kobolds
  3 frilled lizards
  4 rats
35 creatures vanquished.

Vanquished Creatures (collateral kills)
  Sigmund (D:4)
  An ogre (D:4)
  3 big kobolds (Sewer)
  2 scorpions (D:5)
  A centaur skeleton (D:5)
  4 hounds (D:5)
  Ijyb (D:5)
  A worker ant (D:4)
  2 iguanas (D:5)
  3 adders
  2 river rats (Sewer)
  A white imp (D:5)
  An ufetubus (D:5)
  4 oozes
  An adder zombie (D:5)
  2 dart slugs
  A leopard gecko (D:5)
  4 orcs (D:5)
  2 giant cockroaches (D:1)
  7 goblins
  3 hobgoblins
  5 jackals
  8 kobolds
  A quokka (D:2)
  A ball python (D:4)
  6 bats
  3 frilled lizards (D:1)
  A leopard gecko skeleton (D:4)
  7 rats
79 creatures vanquished.

Grand Total: 114 creatures vanquished

Notes
Turn   | Place    | Note
-------+----------+-------------------------------------------
     0 | D:1      | DoubleLucky the Tengu Summoner began the quest for the Orb.
     0 | D:1      | Reached XP level 1. HP: 10/10 MP: 4/4
   172 | D:1      | Reached skill level 5 in Summonings
   178 | D:1      | Reached XP level 2. HP: 15/15 MP: 6/6
   511 | D:1      | Learned a level 2 spell: Call Imp
   931 | D:1      | Reached XP level 3. HP: 19/19 MP: 1/7
  2010 | D:2      | Reached skill level 1 in Polearms
  2690 | D:3      | Reached XP level 4. HP: 24/24 MP: 6/9
  2840 | D:3      | Found a glowing drain.
  2925 | Sewer    | Entered a sewer
  2962 | Sewer    | HP: 1/24 [river rat (4)]
  3252 | Sewer    | Learned a level 3 spell: Call Canine Familiar
  3444 | Sewer    | Noticed a big kobold
  3504 | Sewer    | Killed a big kobold
  3504 | Sewer    | Gained mutation: You can fly continuously. [Tengu growth]
  3504 | Sewer    | Reached XP level 5. HP: 7/28 MP: 0/10
  3779 | Sewer    | Noticed a big kobold
  3808 | Sewer    | Reached skill level 6 in Summonings
  3812 | Sewer    | Killed a big kobold
  3981 | Sewer    | Noticed a big kobold
  4146 | Sewer    | Noticed a big kobold
  4248 | Sewer    | Killed a big kobold
  4558 | Sewer    | Killed a big kobold
  4558 | Sewer    | Reached XP level 6. HP: 31/32 MP: 6/12
  5093 | D:4      | Noticed Sigmund
  5103 | D:4      | Killed Sigmund
  5188 | D:4      | Found Xewnathil's Gadget Boutique.
  5979 | D:5      | Entered Level 5 of the Dungeon
  5979 | D:5      | Noticed Ijyb
  6136 | D:5      | Killed Ijyb
  6481 | D:5      | Reached skill level 7 in Summonings
  6481 | D:5      | Reached XP level 7. HP: 36/36 MP: 11/14
  7642 | D:5      | Found Egeucuan's Antique Weapon Emporium.
  8341 | D:6      | HP: 1/36 [poisoned by a killer bee]
  8341 | D:6      | Slain by a killer bee

Illustrated notes

Levels and vault maps discovered:
D:1:      dpeg_arrival_arbitrary_c, layout_basic, minmay_pentomino_q2
D:2:      layout_basic
D:3:      layout_loops_cross, gup_sewer_entry_bowl, hex_tiny,
          minmay_misc_feat_room
D:4:      layout_gridville, serial_shops, shop_statue, uniq_sigmund
D:5:      layout_layer_cave, serial_shops, shop_statue, minmay_misc_feat_roman,
          minmay_manual_moon, uniq_ijyb
D:6:      layout_loops_ring, minmay_temple_entry_mist, basic_altar,
          cheibriados_altar_1

Skill      XL: |  1  2  3  4  5  6 |
---------------+-------------------+-----
Summonings     | 5 6 7 |  7.5
Polearms       | 1 2 3 4 |  4.6
Spellcasting   | 3 4 |  4.7
Dodging        | |  2.1
Stealth        | |  2.0

Action                   |  1- 3 |  4- 6 |  7- 9 || total
-------------------------+-------+-------+-------++-------
Melee: Spear             |    68 |   108 |    57 ||   233
       Kick              |     5 |    10 |     5 ||    20
       Unarmed           |     1 |       |       ||     1
       Peck              |     1 |     9 |     5 ||    15
Throw: Stone             |       |     3 |       ||     3
 Cast: Summon Small Mamm |    83 |    81 |    27 ||   191
       Call Imp          |    10 |    15 |    14 ||    39
       Call Canine Famil |       |    10 |    14 ||    24
 Abil: Fly               |       |     1 |       ||     1
  Use: Scroll            |       |     6 |       ||     6
 Stab: Distracted        |     2 |     1 |     2 ||     5
       Sleeping          |       |       |     1 ||     1
Armor: Robe              |    11 |    11 |       ||    22
       Leather armour    |       |     3 |    15 ||    18
Dodge: Dodged            |    23 |    44 |    31 ||    98
Block: Buckler           |       |     3 |    11 ||    14

Table legend: (Time is in decaauts)
 A = Elapsed time spent in this place.
 B = Non-inter-level travel time spent in this place.
 C = Inter-level travel time spent in this place.
 D = Time resting spent in this place.
 E = Time spent auto-exploring this place.
 F = Levels seen in this place.
 G = Mean time per level.
                   A        B        C        D        E       F      G
               +--------+--------+--------+--------+--------+-----+--------+
         Total |   8123 |   7839 |    284 |   1666 |   4297 |   7 | 1160.4 |
       Dungeon |   6381 |   6097 |    284 |    735 |   3965 |   6 | 1063.5 |
         Sewer |   1742 |   1742 |      0 |    931 |    331 |   1 | 1742.0 |
               +--------+--------+--------+--------+--------+-----+--------+

Top non-repeatable levels by time:
     D:5: 1856 daAuts
   Sewer: 1742 daAuts
     D:1: 1376 daAuts
     D:4: 1281 daAuts
     D:2: 908 daAuts
     D:3: 890 daAuts
     D:6: 68 daAuts
